 Dungeon Crawl Stone Soup version 0.19.4-8-ga85b6b9 (webtiles) character file.

163 Jerry the Chopper (level 5, 0/47 HPs)
             Began as a Hill Orc Fighter on Feb 11, 2017.
             Slain by an orc wizard
             ... wielding a +0 dagger
              (4 damage)
             ... on level 3 of the Dungeon.
             The game lasted 00:03:32 (2350 turns).

Jerry the Chopper (Hill Orc Fighter)                Turns: 2350, Time: 00:03:32

Health: 0/47       AC:  7    Str: 20    XL:     5   Next: 44%
Magic:  5/5        EV:  9    Int:  8    God:
Gold:   132        SH:  0    Dex: 10    Spells: 0 memorised, 4 levels left

rFire  . . .     SeeInvis .     a - +0 war axe
rCold  . . .     Gourm    .     b - +0 scale mail
rNeg   . . .     Faith    .     (no shield)
rPois  .         Spirit   .     (no helmet)
rElec  .         Reflect  .     (no cloak)
rCorr  .         Harm     .     (no gloves)
MR     .....                    (no boots)
Stlth  ..........               (no amulet)
                                (no ring)
                                (no ring)

@: confused
A: no striking features
a: no special abilities


You were on level 3 of the Dungeon.
You were near starving.

You visited 1 branch of the dungeon, and saw 3 of its levels.

You collected 132 gold pieces.

Inventory:

Hand Weapons
 a - a +0 war axe (weapon)
Armour
 b - a +0 scale mail (worn)
 c - a +0 shield
Wands
 t - a wand of disintegration (8/24)
Scrolls
 e - a scroll of recharging {unknown}
 g - a scroll of enchant weapon {unknown}
 i - a scroll of immolation {unknown}
 k - 3 scrolls of teleportation {unknown}
 n - 4 scrolls of remove curse {unknown}
 p - a scroll of fog {unknown}
 q - a scroll of identify {unknown}
 r - a scroll of noise {unknown}
 x - a scroll of amnesia {unknown}
Potions
 d - 3 potions of might
 h - a potion of agility {unknown}
 j - 4 potions of degeneration {unknown}
 l - a potion of curing {unknown}
 m - a potion of mutation {unknown}
 o - a potion of ambrosia {unknown}
 z - a potion of heal wounds {unknown}
Comestibles
 f - 3 bread rations
 s - 3 fruits
 u - a meat ration
 v - a slice of pizza
 w - 2 beef jerkies


   Skills:
 + Level 4.5 Fighting
 * Level 5.7 Axes
 + Level 4.2 Armour
 - Level 3.2 Shields


You had 4 spell levels left.
You didn't know any spells.

Dungeon Overview and Level Annotations

Branches:
Dungeon (3/15)

Altars:


Message History

Things that are here:
28 stones; a scroll labeled XAPOIC OTZOCEF You miss the orc wizard.
The orc wizard is moderately wounded.
You miss something.
The orc wizard hits you but does no damage.
You hear some strange, mumbled words.
A puff of flame appears from out of thin air!
The puff of flame hits you!
* * * LOW HITPOINT WARNING * * *
The orc wizard hits you but does no damage.
The orc wizard is no longer moving quickly.
The orc wizard mumbles some strange words.
The orc wizard seems to speed up.
Something hits you but does no damage.
You barely miss the orc wizard.
The orc wizard is moderately wounded.
You closely miss something. The orc wizard hits you with a dagger.
* * * LOW HITPOINT WARNING * * *
Something hits you.
You die...

#.#....# ########.###
#...(..### .. ..##.###
#.......#.# #.##....
#......... #.######
....... #.# #...#
########.####
#...###...<.......#
##.))...#####..#..###
#.o@...# #..#(.#..
.####.(....# #.##.....
............# #.....#..
######..<...#####.....###
######.......##>##
#(....#..#.##.#
#.###.#..#.##.#
##..#..#.......#
#..............####


You could see an orc wizard.

Vanquished Creatures
  A howler monkey (D:3)
  Robin (D:2)
  6 adders
  A dart slug (D:1)
  A leopard gecko (D:3)
  2 orcs (D:3)
  2 ball pythons
  6 bats
  2 giant cockroaches (D:3)
  12 goblins
  8 hobgoblins
  A quokka (D:2)
  A frilled lizard (D:1)
  10 kobolds
  3 rats
57 creatures vanquished.

Notes
Turn   | Place    | Note
-------+----------+-------------------------------------------
     0 | D:1      | Jerry the Hill Orc Fighter began the quest for the Orb.
     0 | D:1      | Reached XP level 1. HP: 19/19 MP: 1/1
    79 | D:1      | Reached skill level 3 in Axes
   197 | D:1      | Reached XP level 2. HP: 24/27 MP: 2/2
   692 | D:2      | Reached XP level 3. HP: 32/33 MP: 3/3
   873 | D:2      | Reached skill level 4 in Axes
  1303 | D:2      | Noticed Robin
  1320 | D:2      | Reached XP level 4. HP: 33/40 MP: 4/4
  1337 | D:2      | Killed Robin
  1593 | D:2      | Reached skill level 5 in Axes
  1923 | D:3      | Reached XP level 5. HP: 16/47 MP: 5/5
  2350 | D:3      | Slain by an orc wizard

Skill      XL: |  1  2  3  4 |
---------------+-------------+-----
Axes           | 3 4 5 |  5.7
Fighting       | 4 |  4.5
Armour         | 4 |  4.2
Shields        | |  3.2

Action                   |  1- 3 |  4- 6 || total
-------------------------+-------+-------++-------
Melee: War axe           |    89 |    74 ||   163
  Eat: Chunk             |     1 |     2 ||     3
Armor: Scale mail        |    47 |    50 ||    97
Dodge: Dodged            |    44 |    35 ||    79
